 Dungeon Crawl Stone Soup version 0.26.1-11-gd32895ea62 (webtiles) character file.

Game seed: 16587051274982778661

8281 sankara the Destroyer (level 11, -9/83 HPs)
             Began as a Yellow Draconian Conjurer on May 21, 2021.
             Was an Elder of Vehumet.
             Mangled by a salamander (shapeshifter) (11 damage)
             ... on level 10 of the Dungeon.
             The game lasted 00:56:52 (10929 turns).

sankara the Destroyer (Yellow Draconian Conjurer)  Turns: 10929, Time: 00:56:52

Health: -9/83      AC: 11    Str: 10    XL:     11   Next: 7%
Magic:  21/26      EV: 12    Int: 28    God:    Vehumet [****..]
Gold:   516        SH:  4    Dex:  9    Spells: 5/19 levels left

rFire    . . .     SeeInvis +   a - +8 rapier of Insufficient Pleasure {freeze, SInv}
rCold    . . .     Faith    +   q - +0 buckler
rNeg     . . .     Spirit   .   (armour unavailable)
rPois    .         Reflect  .   X - +0 hat
rElec    .         Harm     .   Y - +1 cloak
rCorr    +         Rampage  .   u - +1 pair of gloves
Will     .....                  (no boots)
Stlth    +++.......             K - amulet of faith
HPRegen  0.23/turn              g - +6 ring of intelligence
MPRegen  0.20/turn              y - ring of magical power

@: no status effects
A: spit acid, unfitting armour, cold-blooded, acid resistance, AC +7
a: Breathe Acid, Renounce Religion


You were on level 10 of the Dungeon.
You worshipped Vehumet.
Vehumet was greatly pleased with you.
You visited 2 branches of the dungeon, and saw 11 of its levels.
You also visited: Sewer.

You collected 581 gold pieces.
You spent 65 gold pieces at shops.

Inventory:

Hand Weapons
 a - the +8 rapier of Insufficient Pleasure (weapon) {freeze, SInv}
   (You found it on level 5 of the Dungeon)

   It has been specially enchanted to freeze those struck by it, causing extra
   injury to most foes and up to half again as much damage against particularly
   susceptible opponents.
   It can also slow down cold-blooded creatures.
   It lets you see invisible.
 b - a +0 hunting sling
 Z - a +1 vampiric short sword
Missiles
 c - 332 stones
 h - 5 curare-tipped darts
 i - a throwing net
 n - 3 datura-tipped darts
 s - 14 poisoned darts
 J - 35 sling bullets
Armour
 q - a +0 buckler (worn)
 u - a +1 pair of gloves (worn)
 X - a +0 hat (worn)
 Y - a +1 cloak (worn)
Magical Staves
 j - an uncursed staff of air
 S - an uncursed staff of death
Jewellery
 g - a +6 ring of intelligence (left hand)
 o - an uncursed ring of willpower
 y - a ring of magical power (right hand)
 K - an amulet of faith (around neck)
 L - an uncursed amulet of reflection {unknown}
 O - an uncursed ring of resist corrosion {unknown}
 T - an uncursed ring of ice {unknown}
Wands
 f - a wand of flame (15)
 N - a wand of random effects (47)
 P - a wand of paralysis (7)
 V - a wand of enslavement (8)
Scrolls
 d - 8 scrolls of identify
 e - 3 scrolls of blinking {unknown}
 p - 9 scrolls of remove curse
 v - 10 scrolls of teleportation
 C - 3 scrolls of amnesia {unknown}
 F - a scroll of enchant weapon {unknown}
 H - 2 scrolls of fear
 I - a scroll of fog {unknown}
 Q - a scroll of noise {unknown}
 U - a scroll of magic mapping {unknown}
Potions
 l - 2 potions of flight {unknown}
 m - a potion of attraction {unknown}
 r - 3 potions of brilliance {unknown}
 w - 7 potions of magic {unknown}
 x - 3 potions of might
 z - a potion of mutation {unknown}
 A - 2 potions of berserk rage {unknown}
 B - 5 potions of heal wounds
 D - a potion of cancellation {unknown}
 E - 2 potions of curing
 G - 2 potions of ambrosia {unknown}
 R - 2 potions of invisibility {unknown}
Miscellaneous
 W - a condenser vane


   Skills:
 + Level 3.6 Fighting
 + Level 5.3 Short Blades
 + Level 2.3 Dodging
 + Level 7.2 Stealth
 - Level 4.0 Shields
 - Level 4.5 Spellcasting
 - Level 12.0 Conjurations
 - Level 4.0 Hexes
 - Level 3.0 Earth Magic


You had 5 spell levels left.
You knew the following spells:

 Your Spells              Type           Power        Failure   Level
a - Magic Dart            Conj           100%         1%          1
b - Searing Ray           Conj           100%         1%          2
c - Dazzling Flash        Conj/Hex       100%         1%          3
d - Fulminant Prism       Conj/Hex       25%          1%          4
e - Foxfire               Conj/Fire      100%         1%          1
f - Stone Arrow           Conj/Erth      96%          1%          3

Your spell library contained the following spells:

 Spells                   Type           Power        Failure   Level
 Conjure Flame            Conj/Fire      39%          1%          3
 Iskenderun's Mystic Bla  Conj/Tloc      39%          1%          4
 Animate Skeleton         Necr           12%          7%          1
 Pain                     Necr           24%          7%          1
 Vampiric Draining        Necr           3%           22%         3
 Animate Dead             Necr           3%           56%         4
 Agony                    Necr           6%           89%         5


Dungeon Overview and Level Annotations

Branches:
Dungeon (10/15)            Temple (1/1) D:4           Sewer (visited)
   Lair: D:8-11         Orc: D:9-12

Altars:
Ashenzari
Cheibriados
Dithmenos
Elyvilon
Fedhas
Gozag
Hepliaklqana
Kikubaaqudgha
Makhleb
Nemelex Xobeh
Okawaru
Qazlal
Ru
Sif Muna
Trog
Uskayaw
Vehumet
Wu Jian
Xom
Yredelemnul
Zin
The Shining One

Shops:
D:4 !


Innate Abilities, Weirdness & Mutations

You can spit globs of acid.
Your golden yellow scales are hard. (AC +7)
You cannot fit into any form of body armour.
You are cold-blooded and may be slowed by cold attacks.
You are resistant to acid. (rCorr)


Message History

The searing ray hits the salamander!
The salamander is almost dead.
You block the salamander's attack.
The searing ray misses the salamander.
You finish channeling your searing ray.
The salamander hits you!
You are engulfed in flames!
* * * LOW HITPOINT WARNING * * *
You block the salamander's attack.
Casting: Searing Ray (safe; 1% risk of failure)
Confirm with . or Enter, or press ? or * to list all spells.
The salamander is dazzled.
The salamander hits you.
* * * LOW HITPOINT WARNING * * *
You are engulfed in flames!
* * * LOW HITPOINT WARNING * * *
Unknown command.
You barely miss the salamander.
The salamander is almost dead.
The salamander hits you!
* * * LOW HITPOINT WARNING * * *
You are engulfed in flames!
You die...

#.# #..≈≈.≈≈.≈ #.#
#.≈..≈≈≈.≈ #.# #.#
#...≈≈≈≈.≈ #.# #.#
#..≈≈≈≈≈.≈ #.# #.#
#†.≈.≈≈≈.≈ ..# ##.#
##.†≈.(≈≈.≈ ### ..#
##.......... #.#
#.N[........
#.###@###<##.###
#.....# ... #
#.###.# .### #.#
#... ## #.# ###..#
#.# .... #.# ##..
#.#### .
###########....##..


You could see a salamander (blind).

Vanquished Creatures
  Gastronok (D:8)
  2 two-headed ogres
  Maurice (D:8)
  2 trolls
  Sigmund (D:3)
  A water moccasin (D:9)
  Purgy (Sewer)
  2 ice beasts
  A sky beast (D:7)
  8 ogres
  An eye of draining (D:9)
  A hornet zombie (D:9)
  A necrophage (D:8)
  2 phantoms
  3 centaurs
  8 bullfrogs
  A big kobold (D:10)
  A water moccasin zombie (D:9)
  3 scorpions
  A water moccasin skeleton (D:9)
  4 killer bees (D:9)
  4 howler monkeys
  2 quasits
  2 bullfrog zombies
  10 hounds
  7 jellies
  2 orc priests
  4 bullfrog skeletons
  A centaur skeleton (D:8)
  Jessica (D:3)
  5 iguanas
  Ijyb (D:3)
  Natasha (D:3)
  4 worker ants
  4 orc wizards
  2 hound skeletons (D:8)
  6 gnolls
  13 adders
  A shadow imp (D:8)
  A white imp (D:8)
  7 ufetubi
  2 adder skeletons
  2 worms (D:2)
  2 dart slugs (D:2)
  3 leopard geckos
  15 orcs
  10 ball pythons
  5 giant cockroaches
  8 goblins
  7 hobgoblins
  16 jackals
  11 kobolds
  A quokka (D:4)
  2 bats (D:1)
  8 frilled lizards
  A leopard gecko skeleton (D:6)
  A leopard gecko zombie (D:9)
  5 rats
  2 foxfires (D:8)
225 creatures vanquished.

Vanquished Creatures (others)
  38 foxfires
  42 fulminant prisms
  2 fungi (D:2)
  11 plants (D:2)
93 creatures vanquished.

Grand Total: 318 creatures vanquished

Notes
Turn   | Place    | Note
-------+----------+-------------------------------------------
     0 | D:1      | sankara the Draconian Conjurer began the quest for the Orb.
     0 | D:1      | Reached XP level 1. HP: 14/14 MP: 3/3
   193 | D:1      | Reached XP level 2. HP: 20/20 MP: 1/5
   525 | D:1      | Learned a level 2 spell: Searing Ray
   919 | D:1      | Reached XP level 3. HP: 21/26 MP: 1/7
  1056 | D:1      | Learned a level 3 spell: Dazzling Flash
  1695 | D:2      | Found a sacrificial altar of Ru.
  1703 | D:2      | Became a worshipper of Ru the Awakened
  1732 | D:2      | Reached skill level 1 in Hexes
  1732 | D:2      | Reached XP level 4. HP: 33/33 MP: 3/8
  1814 | D:2      | Found a radiant altar of Vehumet.
  1814 | D:2      | Found an ancient bone altar of Kikubaaqudgha.
  1814 | D:2      | Found a white marble altar of Elyvilon.
  1814 | D:2      | Found a sparkling altar of Nemelex Xobeh.
  1852 | D:2      | Found a shimmering altar of Xom.
  1852 | D:2      | Found a broken altar of Ashenzari.
  1853 | D:2      | Found an ornate altar of the Wu Jian Council.
  1891 | D:2      | Fell from the grace of Ru
  1891 | D:2      | Became a worshipper of Vehumet
  2605 | D:3      | Noticed Sigmund
  2659 | D:3      | Noticed Ijyb
  2972 | D:3      | Killed Ijyb
  3031 | D:3      | Reached skill level 1 in Shields
  3031 | D:3      | Reached skill level 5 in Conjurations
  3031 | D:3      | Reached XP level 5. HP: 25/38 MP: 5/10
  3331 | D:3      | Found a glowing drain.
  3340 | Sewer    | Entered a sewer
  3341 | Sewer    | Reached * piety under Vehumet
  3341 | Sewer    | Offered knowledge of Shock by Vehumet.
  3347 | Sewer    | Learned a level 4 spell: Fulminant Prism
  3380 | Sewer    | Noticed Purgy
  3391 | Sewer    | Killed Purgy
  3392 | Sewer    | Reached XP level 6. HP: 33/45 MP: 1/11
  3706 | D:3      | Noticed Jessica
  3712 | D:3      | Killed Jessica
  3776 | D:3      | Found an iron altar of Okawaru.
  3796 | D:3      | Killed Sigmund
  4265 | D:3      | Noticed Natasha
  4270 | D:3      | Killed Natasha
  4271 | D:3      | Your scales start taking on a golden yellow colour.
  4271 | D:3      | Reached XP level 7. HP: 35/50 MP: 13/13
  4271 | D:3      | Gained mutation: You are resistant to acid. (rCorr) [Yellow
                  | Draconian growth]
  4465 | D:4      | Reached skill level 6 in Conjurations
  4538 | D:4      | Found a staircase to the Ecumenical Temple.
  4567 | Temple   | Entered the Ecumenical Temple
  4712 | D:4      | Found Keatan's Distillery.
  4737 | D:4      | Bought a potion of heal wounds for 65 gold pieces
  5459 | D:5      | Entered Level 5 of the Dungeon
  5892 | D:5      | Reached ** piety under Vehumet
  5899 | D:5      | Offered knowledge of Foxfire by Vehumet.
  5902 | D:5      | Learned a level 1 spell: Foxfire
  5981 | D:5      | Reached skill level 1 in Fighting
  6130 | D:5      | Got a transparent rapier
  6131 | D:5      | Identified the +8 rapier of Insufficient Pleasure {freeze,
                  | SInv} (You found it on level 5 of the Dungeon)
  6192 | D:5      | Found a shimmering blue altar of Sif Muna.
  6264 | D:5      | Reached XP level 8. HP: 59/59 MP: 14/14
  6391 | D:6      | Reached skill level 1 in Short Blades
  6482 | D:6      | Offered knowledge of Stone Arrow by Vehumet.
  6490 | D:6      | Learned a level 3 spell: Stone Arrow
  6610 | D:6      | Found a shadowy altar of Dithmenos.
  6691 | D:6      | Reached skill level 7 in Conjurations
  6737 | D:6      | Reached skill level 1 in Earth Magic
  6994 | D:6      | You fall into a shaft and drop 2 floors!
  7016 | D:8      | Reached *** piety under Vehumet
  7147 | D:8      | Noticed Gastronok
  7184 | D:7      | Reached XP level 9. HP: 43/69 MP: 4/15
  7383 | D:7      | Found a snail-covered altar of Cheibriados.
  7455 | D:7      | Offered knowledge of Ignite Poison by Vehumet.
  7714 | D:7      | Found a shimmering blue altar of Sif Muna.
  7981 | D:7      | You fall into a shaft and drop 2 floors!
  7997 | D:9      | Reached skill level 8 in Conjurations
  8026 | D:9      | Reached skill level 5 in Stealth
  8035 | D:9      | Noticed a two-headed ogre
  8043 | D:9      | Killed a two-headed ogre
  8044 | D:9      | Reached skill level 5 in Short Blades
  8044 | D:9      | Reached skill level 9 in Conjurations
  8425 | D:9      | Reached **** piety under Vehumet
  8435 | D:9      | Reached XP level 10. HP: 53/77 MP: 16/16
  8476 | D:9      | Offered knowledge of Conjure Flame by Vehumet.
  8980 | D:9      | Found a blossoming altar of Fedhas.
  9059 | D:9      | Found a hide-covered altar of Uskayaw.
  9498 | D:8      | Noticed Maurice
  9516 | D:8      | Killed Maurice
  9517 | D:8      | Reached skill level 10 in Conjurations
  9700 | D:8      | Killed Gastronok
  9701 | D:8      | Reached skill level 11 in Conjurations
 10434 | D:6      | Found a glowing golden altar of the Shining One.
 10613 | D:10     | Entered Level 10 of the Dungeon
 10766 | D:10     | Noticed a two-headed ogre
 10776 | D:10     | Killed a two-headed ogre
 10777 | D:10     | Reached XP level 11. HP: 54/82 MP: 17/17
 10925 | D:10     | Reached skill level 12 in Conjurations
 10929 | D:10     | HP: 2/83 [salamander (shapeshifter) (9)]
 10929 | D:10     | Mangled by a salamander (shapeshifter)

Illustrated notes

Levels and vault maps discovered:
D:1:      dpeg_arrival_stonehenge_12_columns, layout_basic
D:2:      layout_basic, grunt_temple_overflow_open,
          nicolae_ru_the_path_less_chosen
D:3:      layout_basic, okawaru_metal_pillars_1_2, cheibrodos_sewer_entry_drain,
          uniq_sigmund, uniq_jessica, uniq_natasha, uniq_ijyb
D:4:      layout_basic, temple_fountains, serial_glass, glass_columns_c,
          glass_columns_a, serial_shops, shop_statue
D:5:      layout_basic, lemuel_blue_sif_altar, grunt_ministairs_4
D:6:      layout_cave_pools, tso_oasis_becter, serial_column_ruins,
          column_ruins_grid_1, column_ruins_grid_4, column_ruins_open_medium,
          minmay_ruined_shrine
D:7:      layout_gridville, old_standard_altar, basic_altar
D:8:      layout_rooms, uniq_gastronok, uniq_maurice
D:9:      layout_basic, nicolae_overflow_crystal_walls, lemuel_doored_altar
D:10:     layout_loops_ring, erik_lair_island, minmay_misc_feat_alley
Temple:   nicolae_temple_figure_zero

Skill      XL: |  1  2  3  4  5  6  7  8  9 10 11 |
---------------+----------------------------------+-----
Spellcasting   | 3 4 |  4.5
Hexes          | 1 2 4 |  4.0
Shields        | 1 2 3 4 |  4.0
Conjurations   | 5 6 7 9 11 12 | 12.0
Stealth        | 2 3 5 7 |  7.2
Fighting       | 1 3 |  3.6
Short Blades   | 3 5 |  5.3
Earth Magic    | 2 3 |  3.0
Dodging        | 2 |  2.3

Action                   |  1- 3 |  4- 6 |  7- 9 | 10-12 || total
-------------------------+-------+-------+-------+-------++-------
Melee: Dagger            |    16 |    15 |       |       ||    31
       Tailslap          |     2 |     2 |     7 |     6 ||    17
       Rapier            |       |       |    67 |    55 ||   122
 Cast: Magic Dart        |    56 |    54 |    33 |    12 ||   155
       Searing Ray       |     7 |    13 |    33 |     9 ||    62
       Dazzling Flash    |     1 |     4 |     3 |     4 ||    12
       Fulminant Prism   |       |     5 |    25 |    12 ||    42
       Foxfire           |       |       |     7 |    17 ||    24
       Stone Arrow       |       |       |     1 |       ||     1
Evoke: Wand              |       |     2 |       |       ||     2
  Use: Scroll            |       |     6 |     1 |       ||     7
       Potion            |       |     1 |       |       ||     1
 Stab: Invisible         |       |     1 |     1 |     1 ||     3
       Sleeping          |       |     1 |     2 |     4 ||     7
Armor: Skin              |     9 |    28 |    42 |    22 ||   101
Dodge: Dodged            |    16 |    47 |    68 |    50 ||   181
Block: Buckler           |       |    16 |    25 |    17 ||    58
